 Dungeon Crawl Stone Soup version 0.24-a0-181-gd121a6d (webtiles) character file.

Game seed: 10848516136301336392

63 emperorscorpion the Ruffian (level 3, -1/28 HPs)
             Began as a Draconian Transmuter on Mar 14, 2019.
             Slain by a jackal (3 damage)
             ... on level 3 of the Dungeon.
             The game lasted 00:02:44 (2028 turns).

emperorscorpion the Ruffian (Draconian Transmuter)  Turns: 2028, Time: 00:02:45

Health: -1/28      AC:  5    Str: 17    XL:     3   Next: 87%
Magic:  6/7        EV: 12    Int: 19    God:
Gold:   75         SH:  0    Dex: 11    Spells: 1/7 levels left

rFire    . . .     SeeInvis .     - Unarmed
rCold    . . .     Gourm    .   (no shield)
rNeg     . . .     Faith    .   (armour unavailable)
rPois    .         Spirit   .   (helmet restricted)
rElec    .         Reflect  .   (no cloak)
rCorr    .         Harm     .   (no gloves)
MR       .....                  (no boots)
Stlth    +.........             (no amulet)
HPRegen  0.09/turn              (no ring)
MPRegen  0.10/turn              (no ring)

@: mighty, brilliant
A: unfitting armour, cold-blooded, AC +5
a: no special abilities


You were on level 3 of the Dungeon.
You were hungry.

You visited 1 branch of the dungeon, and saw 3 of its levels.

You collected 75 gold pieces.

Inventory:

Missiles
 a - 64 arrows
Scrolls
 f - a scroll of fog
 g - 2 scrolls of identify
 h - 4 scrolls of remove curse
 i - a scroll of immolation {unknown}
 j - a scroll of amnesia {unknown}
Potions
 e - a potion of agility {unknown}
Comestibles
 c - 5 rations
 k - a chunk of flesh


   Skills:
 + Level 1.2 Fighting
 + Level 2.3 Dodging
 - Level 0.2 Stealth
 + Level 3.6 Unarmed Combat
 + Level 2.7 Spellcasting
 + Level 2.3 Transmutations


You had one spell level left.
You knew the following spells:

 Your Spells              Type           Power        Failure   Level  Hunger
a - Beastly Appendage     Tmut           ###...       1%          1    None
b - Sticks to Snakes      Tmut           ###.....     1%          2    ##.....
c - Spider Form           Tmut/Pois      ###.......   3%          3    ###....

Your spell library contained the following spells:

 Spells                   Type           Power        Failure   Level  Hunger
 Ice Form                 Ice/Tmut       ###.....     11%         4    ####...
 Blade Hands              Tmut           ###.......   17%         5    ######.


Dungeon Overview and Level Annotations

Branches:
Dungeon (3/15)

Altars:
Dithmenos
Elyvilon
Fedhas
Uskayaw

Annotations:
D:2 exclusion: oklob plant


Innate Abilities, Weirdness & Mutations

Your plain brown scales are hard. (AC +5)
You cannot fit into any form of body armour.
You are cold-blooded and may be slowed by cold attacks.


Message History

You closely miss the kobold. The jackal misses you. x2
The kobold barely misses you. The jackal bites you.
* * * LOW HITPOINT WARNING * * *
The jackal bites you.
* * * LOW HITPOINT WARNING * * *
You hit the kobold but do no damage. The jackal barely misses you.
The jackal bites you but does no damage.
The kobold hits you with a +0 club.
* * * LOW HITPOINT WARNING * * *
The jackal pauses to sniff the ground.
The jackal misses you. The jackal closely misses you.
The jackal bites you but does no damage.
The jackal barely misses you.
It was a potion of might.
You feel very mighty all of a sudden. The jackal barely misses you.
It was a potion of brilliance.
You feel clever all of a sudden. The jackal bites you.
You die...

####################
#hh@................
#######K################..
.............# #######.##
####.#††...#.# ...[......
# #...#.# .######.#.
#...#.?. ##.. #.#.. ....
##. #. ... .## #. #. ...
.# #.


You could see 2 jackals and a kobold.

Vanquished Creatures
  A worm (D:2)
  A dart slug (D:2)
  A leopard gecko (D:1)
  2 giant cockroaches
  7 hobgoblins
  5 jackals (D:3)
  A quokka (D:2)
  9 bats
  2 frilled lizards
  6 goblins
  3 kobolds
  5 rats
43 creatures vanquished.

Vanquished Creatures (collateral kills)
  An adder (D:2)
1 creature vanquished.

Grand Total: 44 creatures vanquished

Notes
Turn   | Place    | Note
-------+----------+-------------------------------------------
     0 | D:1      | emperorscorpion the Draconian Transmuter began the quest
                  | for the Orb.
     0 | D:1      | Reached XP level 1. HP: 16/16 MP: 3/3
   162 | D:1      | Reached XP level 2. HP: 23/23 MP: 3/5
   169 | D:1      | Learned a level 2 spell: Sticks to Snakes
   884 | D:2      | Reached XP level 3. HP: 23/28 MP: 2/6
   893 | D:2      | Learned a level 3 spell: Spider Form
  1018 | D:2      | Found a blossoming altar of Fedhas.
  1019 | D:2      | Found a hide-covered altar of Uskayaw.
  1019 | D:2      | Found a white marble altar of Elyvilon.
  1020 | D:2      | Found a shadowy altar of Dithmenos.
  1650 | D:2      | Found a blossoming altar of Fedhas.
  1701 | D:2      | Noticed an oklob plant
  2028 | D:3      | Slain by a jackal

Levels and vault maps discovered:
D:1:      grunt_arrival_lava_bath, layout_basic
D:2:      layout_basic, chequers_temple_overflow_statue_of_worship, tgw_fedhas
D:3:      layout_loops_ring, uniq_jessica

Skill      XL: |  1  2 |
---------------+-------+-----
Dodging        | 2 |  2.3
Fighting       | |  1.2
Stealth        | |  0.2
Unarmed Combat | |  3.6
Spellcasting   | |  2.7
Transmutations | |  2.3

Action                   || total
-------------------------++-------
Melee: Unarmed           ||   130
       Tailslap          ||     9
       Kick              ||     1
       Headbutt          ||     1
 Cast: Beastly Appendage ||     8
       Sticks to Snakes  ||     1
       Spider Form       ||     6
  Use: Scroll            ||     3
       Potion            ||     2
 Stab: Sleeping          ||     1
  Eat: Chunk             ||     4
Armor: Skin              ||    49
Dodge: Dodged            ||   123

Table legend:
 A = Non-vault XP
 B = Vault XP
 C = Vault XP percentage of total XP
 D = Non-vault monster count
 E = Vault monster count
 F = Vault count percentage of total count
                 A         B        C        D         E       F
            +---------+---------+-------+---------+---------+-------
      Total |      90 |       0 |   0.0 |      44 |       0 |   0.0
            +---------+---------+-------+---------+---------+-------
        D:1 |      37 |       0 |   0.0 |      22 |       0 |   0.0
        D:2 |      41 |       0 |   0.0 |      16 |       0 |   0.0
        D:3 |      12 |       0 |   0.0 |       6 |       0 |   0.0
            +---------+---------+-------+---------+---------+-------
